 Dungeon Crawl Stone Soup version 0.29-a0-468-ge57f7f99b4 (webtiles) character file.

Game seed: 2853213168016467409

67 benadryl the Digger (level 3, -3/33 HPs)
             Began as a Troll Earth Elementalist on May 21, 2022.
             Was an Initiate of Sif Muna.
             Succumbed to a scorpion's poison
             ... on level 4 of the Dungeon.
             The game lasted 00:02:39 (1446 turns).

benadryl the Digger (Troll Earth Elementalist)      Turns: 1446, Time: 00:02:40

Health: -3/33      AC:  4    Str: 16    XL:     3   Next: 98%
Magic:  4/4        EV:  9    Int: 13    God:    Sif Muna [......]
Gold:   108        SH:  0    Dex: 10    Spells: 4/5 levels left

rFire   . . .      SeeInvis .     - Unarmed
rCold   . . .      Faith    .   (no shield)
rNeg    . . .      Spirit   .   b - +0 robe
rPois   .          Reflect  .   (helmet restricted)
rElec   .          Harm     .   (no cloak)
rCorr   .          Rampage  .   (gloves unavailable)
Will    .....                   (boots unavailable)
Stlth   +.........              (no amulet)
HPRegen 0.91/turn               (no ring)
MPRegen 0.09/turn               (no ring)

@: brilliant, lethally poisoned (-3 -> -17)
A: large, unfitting armour, claws 3, regeneration 1, shaggy fur 1, tough skin 1
a: Renounce Religion


You were on level 4 of the Dungeon.
You worshipped Sif Muna.
Sif Muna was noncommittal.
You visited 2 branches of the dungeon, and saw 4 of its levels.

You collected 108 gold pieces.

Inventory:

Missiles
 a - 61 stones
 n - 4 silver javelins
Armour
 b - a +0 robe (worn)
Scrolls
 d - a scroll of amnesia {unknown}
 g - 4 scrolls of identify {unknown}
 h - a scroll of immolation {unknown}
 i - a scroll of vulnerability {unknown}
 m - 3 scrolls of teleportation {unknown}
 q - a scroll of magic mapping {unknown}
Potions
 e - a potion of heal wounds {unknown}
 f - a potion of mutation {unknown}
 j - a potion of curing {unknown}
 l - a potion of berserk rage {unknown}
 o - a potion of cancellation
 p - a potion of degeneration {unknown}


   Skills:
 + Level 1.3 Fighting
 - Level 1.5 Dodging
 - Level 1.0 Stealth
 * Level 2.6 Unarmed Combat
 + Level 1.5 Spellcasting
 - Level 0.6 Transmutations
 - Level 2.6 Earth Magic


You had 4 spell levels left.
You knew the following spells:

 Your Spells              Type           Power      Damage    Failure   Level
a - Sandblast             Erth           22%        2d7       9%          1

Your spell library contained the following spells:

 Spells                   Type           Power      Damage    Failure   Level
 Passwall                 Tmut/Erth      5%         N/A       21%         2
 Apportation              Tloc           2%         N/A       26%         1
 Necrotize                Necr           4%         1d4       26%         1
 Slow                     Hex            4%         N/A       26%         1
 Summon Small Mammal      Summ           4%         N/A       26%         1
 Ensorcelled Hibernation  Hex/Ice        2%         N/A       38%         2
 Stone Arrow              Conj/Erth      12%        3d7       43%         3
 Spider Form              Tmut/Pois      2%         N/A       56%         3
 Confusing Touch          Hex            1%         N/A       63%         3
 Vampiric Draining        Necr           1%         2d6       63%         3
 Petrify                  Tmut/Erth      7%         N/A       80%         4
 Anguish                  Hex/Necr       0%         N/A       95%         4


Dungeon Overview and Level Annotations

Branches:
Dungeon (4/15)             Temple (1/1) D:4

Altars:
Ashenzari
Makhleb
Nemelex Xobeh
Okawaru
Ru
Sif Muna
Uskayaw
Vehumet
The Shining One


Innate Abilities, Weirdness & Mutations

You are too large for most types of armour.
You have claws for hands.
Your natural rate of healing is unusually fast.
You are covered in fur. (AC +1)
You have tough skin. (AC +1)


Message History

The scorpion is moderately wounded.
The scorpion barely misses you.
Unknown command.
Okay, then.
The scorpion stings you. The scorpion attacks as you move away!
The scorpion stings you.
You are poisoned.
The scorpion poisons you!
You feel very sick.
You closely miss the scorpion.
The scorpion is moderately wounded.
You feel sick. The scorpion stings you.
You are more poisoned.
The scorpion poisons you!
Your magical contamination has completely faded away.
You closely miss the scorpion.
You claw the scorpion, but do no damage.
The scorpion is moderately wounded.
You feel very sick.
The scorpion stings you but does no damage.
Magic courses through your body.
You feel very sick. The scorpion stings you. x2
Aiming: Sandblast (safe; 9% risk of failure)
Press: ? - help, Q - select action, (/) - cycle Shift-Dir - straight line, f/p - scorpion
Aim: a scorpion (moderately wounded, 78% to hit)
The blast of sand hits the scorpion.
The scorpion is moderately wounded.
You feel very sick. The scorpion stings you.
* * * LOW HITPOINT WARNING * * *
It was a potion of cancellation.
You feel magically purged.
You feel very sick. The scorpion stings you.
* * * LOW HITPOINT WARNING * * *
You are more poisoned.
The scorpion poisons you!
It was a potion of brilliance.
You feel clever all of a sudden.
You die...

### ##..##....#...###
...### #.....>......#
.....###..#....##...#
......##.#....#..#..#
.......#.#..#.#....##
..........##...#..##
.....†..#.........#
.......#####...#..##
......####..####@..##
.....##...### ##s..#
....#...### ##..##
.....#### ##..##
...### ##..# ..##
##..# .## #..# .# ..#
## ..#


You could see a scorpion.

Vanquished Creatures
  2 adders
  2 dart slugs
  An orc (D:4)
  2 bats (D:1)
  3 endoplasms (D:2)
  2 giant cockroaches
  3 hobgoblins
  5 jackals
  3 kobolds
  3 quokkas
  4 ball pythons
  2 frilled lizards
  4 goblins
  3 rats
39 creatures vanquished.

Notes
Turn   | Place    | Note
-------+----------+-------------------------------------------
     0 | D:1      | benadryl the Troll Earth Elementalist began the quest for
                  | the Orb.
     0 | D:1      | Reached XP level 1. HP: 16/16 MP: 1/1
   153 | D:1      | Reached skill level 1 in Unarmed Combat
   280 | D:1      | Reached XP level 2. HP: 26/26 MP: 2/2
   883 | D:1      | Reached skill level 1 in Fighting
   971 | D:2      | Reached XP level 3. HP: 33/33 MP: 3/3
  1152 | D:2      | You fall into a shaft and drop 2 floors!
  1240 | D:4      | Found a staircase to the Ecumenical Temple.
  1270 | Temple   | Entered the Ecumenical Temple
  1292 | Temple   | Became a worshipper of Sif Muna the Loreminder
  1430 | D:4      | Noticed a scorpion
  1445 | D:4      | HP: 1/33 [scorpion (5)]
  1446 | D:4      | Succumbed to a scorpion's poison

Illustrated notes

Levels and vault maps discovered:
D:1:      kennysheep_arrival_forest, layout_basic
D:2:      layout_loops_ring, serial_shops, nicolae_shop_waterfront, uniq_natasha
D:4:      layout_cave_pods, minmay_temple_entry_mini_moons, serial_shops,
          nicolae_shop_hallway_plus, nicolae_concentric_dashed_squares_wild,
          uniq_edmund, uniq_eustachio
Temple:   mainiacjoe_temple_coin_purse

Skill      XL: |  1  2 |
---------------+-------+-----
Unarmed Combat | 1 2 |  2.6
Fighting       | 1 |  1.3
Dodging        | |  1.5
Stealth        | |  1.0
Spellcasting   | |  1.5
Transmutations | |  0.6
Earth Magic    | |  2.6

Action                   || total
-------------------------++-------
Melee: Unarmed           ||    98
       Punch             ||     1
 Cast: Sandblast         ||     6
  Use: Potion            ||     3
 Stab: Sleeping          ||     3
Armor: Robe              ||    31
Dodge: Dodged            ||    46

Table legend: (Time is in decaauts)
 A = Elapsed time spent in this place.
 B = Non-inter-level travel time spent in this place.
 C = Inter-level travel time spent in this place.
 D = Time resting spent in this place.
 E = Time spent auto-exploring this place.
 F = Levels seen in this place.
 G = Mean time per level.
                   A        B        C        D        E       F      G
               +--------+--------+--------+--------+--------+-----+--------+
         Total |   1443 |   1381 |     62 |      7 |   1119 |   4 |  360.8 |
       Dungeon |   1410 |   1359 |     51 |      7 |   1110 |   3 |  470.0 |
        Temple |     32 |     22 |     10 |      0 |      9 |   1 |   32.0 |
               +--------+--------+--------+--------+--------+-----+--------+

Top non-repeatable levels by time:
     D:1: 932 daAuts
     D:4: 261 daAuts
     D:2: 217 daAuts
  Temple: 32 daAuts
